 Dungeon Crawl Stone Soup version 0.30.1-4-g462c640d31 (webtiles) character file.

Game seed: 1733093467349008839

5756 safid the Frost Mage (level 10, 0/83 HPs)
             Began as a Merfolk Ice Elementalist on Sept 1, 2023.
             Was a Follower of Vehumet.
             Slain by a killer bee (5 damage)
             ... on level 9 of the Dungeon.
             The game lasted 00:16:40 (10976 turns).

safid the Frost Mage (Merfolk Ice Elementalist)    Turns: 10976, Time: 00:16:40

Health: 0/83       AC:  5    Str:  8    XL:     10   Next: 78%
Magic:  16/22      EV: 15    Int: 18    God:    Vehumet [*.....]
Gold:   592        SH:  0    Dex: 16    Spells: 15/25 levels left

rFire   . . .        d - +2 whip (elec)
rCold   . . .        (no shield)
rNeg    + . .        a - +0 robe
rPois   .            (no helmet)
rElec   .            e - +1 cloak
rCorr   .            H - +0 pair of gloves
SInv    +            (no boots)
Will    .....        (no amulet)
Stlth   ++           o - ring of see invisible
HPRegen 0.33/turn    D - ring of positive energy
MPRegen 0.18/turn

%: no passive effects
@: lethally poisoned (0 -> -3), ice-armoured, corroded, freezing walls
A: (nimble swimmer 2), mertail
a: Renounce Religion


You were on level 9 of the Dungeon.
You worshipped Vehumet.
Vehumet was aware of your devotion.
You visited 2 branches of the dungeon, and saw 10 of its levels.
You also visited: Sewer.

You collected 592 gold pieces.

Inventory:

Hand Weapons
 d - a +2 whip of electrocution (weapon)
Missiles
 i - 12 curare-tipped darts
 s - 2 throwing nets
Armour
 a - a +0 robe (worn)
 e - a +1 cloak (worn)
 H - a +0 pair of gloves (worn)
Jewellery
 o - a ring of see invisible (left hand)
 D - a ring of positive energy (right hand)
Wands
 j - a wand of flame (6)
 C - a wand of digging (13)
 G - a wand of mindburst (21)
Scrolls
 c - a scroll of magic mapping {unknown}
 f - a scroll of brand weapon {unknown}
 k - 2 scrolls of enchant armour
 q - a scroll of noise {unknown}
 r - 3 scrolls of teleportation
 v - a scroll of immolation {unknown}
 w - a scroll of blinking
 y - a scroll of torment {unknown}
 E - a scroll of amnesia {unknown}
 F - 2 scrolls of fog {unknown}
 I - a scroll of enchant weapon {unknown}
Potions
 b - 3 potions of magic
 g - 3 potions of brilliance {unknown}
 h - 4 potions of heal wounds
 l - 5 potions of curing
 m - 2 potions of mutation {unknown}
 n - a potion of lignification {unknown}
 p - a potion of haste
 u - a potion of might {unknown}
 x - a potion of flight {unknown}
 z - a potion of attraction {unknown}
 A - 2 potions of degeneration {unknown}
 B - a potion of ambrosia {unknown}


   Skills:
 + Level 9.5 Fighting
 + Level 7.2 Dodging
 - Level 2.1 Stealth
 - Level 8.0 Spellcasting
 + Level 10.6 Ice Magic


You had 15 spell levels left.
You knew the following spells:

 Your Spells              Type           Power      Damage    Failure   Level
a - Freeze                Ice            100%       1d10      1%          1
b - Frozen Ramparts       Ice            90%        1d14      1%          3
c - Ozocubu's Armour      Ice            45%        N/A       1%          3
d - Hailstorm             Conj/Ice       26%        3d7       3%          3

Your spell library contained the following spells:

 Spells                   Type           Power      Damage    Failure   Level
 Magic Dart               Conj           28%        1d4       10%         1
 Shock                    Conj/Air       28%        1d4       10%         1
 Summon Ice Beast         Ice/Summ       26%        N/A       11%         4
 Summon Guardian Golem    Hex/Summ       7%         N/A       28%         3
 Swiftness                Air            7%         N/A       28%         3
 Tukima's Dance           Hex            7%         N/A       28%         3
 Airstrike                Air            3%         2d(1-17)  67%         4
 Passage of Golubria      Tloc           7%         N/A       67%         4
 Yara's Violent Unravell  Hex/Tmut       3%         3d4       95%         5
 Orb of Destruction       Conj           3%         9d5       100%        7
 Spellforged Servitor     Conj/Summ      3%         N/A       100%        7


Dungeon Overview and Level Annotations

Branches:
Dungeon (9/15)             Temple (1/1) D:7           Sewer (visited)
   Lair: D:8-11         Orc: D:9-12

Altars:
Ashenzari
Cheibriados
Dithmenos
Elyvilon
Fedhas
Gozag
Hepliaklqana
Kikubaaqudgha
Makhleb
Nemelex Xobeh
Okawaru
Ru
Sif Muna
Trog
Uskayaw
Vehumet
Wu Jian
Xom
Yredelemnul
Zin
The Shining One

Shops:
D:5 *

Portals:
Abyss: D:3

Annotations:
D:3 2 transporters, ranchalot's ghost, weakling DrEE
D:4 1 runed translucent door


Innate Abilities, Weirdness & Mutations

((You are very nimble when in or above water. (Stealth+, EV+, Speed+++)))
Your lower body shifts to a powerful aquatic tail in water.


Message History

Blink to where?
Press: ? - help, Dir - move target, p - rust devil
As you read the scroll of blinking, it crumbles to dust.
The killer bee buzzes angrily.
The killer bee completely misses you.
Casting: Freeze (safe; 1% risk of failure)
Confirm with . or Enter, or press ? or * to list all spells.
Casting: Frozen Ramparts (safe; 1% risk of failure)
Press: ? - help, Dir - look around, f - activate The walls around you are covered in ice.
The killer bee buzzes angrily. x2
The wall freezes the killer bee. x2
Unknown command.
Casting: Frozen Ramparts (safe; 1% risk of failure)
Confirm with . or Enter, or press ? or * to list all spells.
A film of ice covers your body!
The wall freezes the killer bee.
The killer bee stings you but does no damage.
The wall freezes the killer bee.
The killer bee closely misses you. The killer bee stings you!
* * * LOW HITPOINT WARNING * * *
You are poisoned.
The killer bee poisons you!
You feel sick.
The wall freezes the killer bee.
You kill the killer bee!
Vehumet accepts your kill.
You feel your power returning. The killer bee barely misses you.
The killer bee misses you. x2; The killer bee closely misses you.
Casting: Ozocubu's Armour (safe; 1% risk of failure)
Confirm with . or Enter, or press ? or * to list all spells.
Aiming: Freeze (safe; 1% risk of failure)
Press: ? - help, Shift-Dir - straight line, f - killer bee
Aim: a killer bee (moderately wounded)
You freeze the killer bee.
The killer bee is heavily wounded.
You feel sick. The killer bee closely misses you.
The killer bee stings you but does no damage.
The killer bee stings you!
* * * LOW HITPOINT WARNING * * *
The killer bee stings you.
You die...

.....#... #.....#..#
#....#.. #.....#..# #....
#.....#..# #....###
#.....#..# #......#
#..###+# #......# #.......
#......# #.......
#.....<#############.......
#.........@................
#........yy........######+#
#..................#
##.....########....#
#.....# #....# #.....#
#....# #.....# #....#
#....#


You could see 2 killer bees.

Vanquished Creatures
  A two-headed ogre (D:8)
  Maurice (D:9)
  A hornet (D:9)
  9 yaks (D:9)
  Edmund (D:6)
  A water moccasin (D:5)
  4 orc warriors
  An ice beast (D:5)
  A sky beast (D:7)
  A black bear (D:7)
  5 ogres
  A centaur (D:6)
  A phantom (D:5)
  A kobold brigand (D:6)
  A bullfrog (D:6)
  3 scorpions
  6 killer bees
  A howler monkey (D:5)
  An electric eel (D:7)
  A human zombie (D:4)
  A jelly (D:2)
  2 gnoll boudas (D:7)
  5 hounds
  2 orc priests
  A sleepcap (D:7)
  7 iguanas
  Natasha (twice) (D:3)
  4 orc wizards
  19 gnolls
  11 adders
  9 river rats
  2 white imps (D:6)
  2 ufetubi
  5 worms
  2 dart slugs
  28 orcs
  13 endoplasms
  A giant cockroach (D:3)
  13 goblins
  15 hobgoblins
  8 jackals
  10 kobolds
  A quokka (D:3)
  9 ball pythons
  4 bats
  21 frilled lizards
  15 rats
254 creatures vanquished.

Vanquished Creatures (others)
  An orc wizard (D:8)
1 creature vanquished.

Grand Total: 255 creatures vanquished

Notes
Turn   | Place    | Note
-------+----------+-------------------------------------------
     0 | D:1      | safid the Merfolk Ice Elementalist began the quest for the
                  | Orb.
     0 | D:1      | Reached XP level 1. HP: 13/13 MP: 3/3
   227 | D:1      | Reached XP level 2. HP: 20/20 MP: 1/5
   300 | D:1      | Reached skill level 1 in Fighting
   464 | D:1      | Found a faded altar of an unknown god.
   936 | D:1      | Reached XP level 3. HP: 20/26 MP: 0/6
  1168 | D:2      | Learned a level 3 spell: Frozen Ramparts
  1172 | D:2      | Learned a level 3 spell: Ozocubu's Armour
  1422 | D:2      | Found a bloodstained altar of Trog.
  1453 | D:2      | Reached skill level 5 in Ice Magic
  1453 | D:2      | Reached XP level 4. HP: 16/33 MP: 4/8
  1784 | D:2      | Reached XP level 5. HP: 35/39 MP: 5/9
  2328 | D:3      | Noticed Natasha
  2333 | D:3      | Killed Natasha
  2513 | D:3      | Noticed Natasha
  2527 | D:3      | Killed Natasha
  2802 | D:3      | Found a one-way gate to the infinite horrors of the Abyss.
  2802 | D:3      | Noticed ranchalot's ghost (weakling DrEE)
  2834 | D:3      | Noticed a small abomination
  2839 | D:3      | Found a transporter.
  2854 | D:3      | Reached XP level 6. HP: 47/47 MP: 4/11
  3131 | D:3      | Found a transporter.
  3156 | D:3      | Found a snail-covered altar of Cheibriados.
  3504 | D:4      | Reached skill level 6 in Ice Magic
  3999 | D:4      | Reached XP level 7. HP: 36/54 MP: 4/13
  4071 | D:4      | Found a runed translucent door.
  4071 | D:4      | Noticed a human
  4073 | D:4      | Found a basalt altar of Yredelemnul.
  4635 | D:5      | Entered Level 5 of the Dungeon
  4710 | D:5      | Found a glowing drain.
  4751 | Sewer    | Entered a sewer
  5527 | D:5      | Reached skill level 5 in Fighting
  5541 | D:5      | Reached skill level 7 in Ice Magic
  5541 | D:5      | Reached XP level 8. HP: 42/62 MP: 10/15
  5710 | D:5      | Found Tairuint's Gadget Gallery.
  5734 | D:5      | Found an opulent altar of Gozag.
  5760 | D:5      | Reached skill level 5 in Spellcasting
  5907 | D:5      | Found a blossoming altar of Fedhas.
  6011 | D:5      | Found a glowing golden altar of the Shining One.
  6926 | D:6      | Reached skill level 8 in Ice Magic
  7314 | D:6      | Noticed Edmund
  7325 | D:6      | Killed Edmund
  7402 | D:6      | Reached XP level 9. HP: 71/71 MP: 11/18
  7634 | D:6      | Found a sparkling altar of Nemelex Xobeh.
  8002 | D:7      | Found a bloodstained altar of Trog.
  8087 | D:7      | Reached skill level 9 in Ice Magic
  8166 | D:7      | Found a staircase to the Ecumenical Temple.
  8175 | Temple   | Entered the Ecumenical Temple
  8321 | Temple   | Became a worshipper of Vehumet
  8354 | D:7      | Learned a level 3 spell: Hailstorm
  8655 | D:7      | Found a white marble altar of Elyvilon.
  9822 | D:8      | Reached * piety under Vehumet
  9822 | D:8      | Offered knowledge of Magic Dart by Vehumet.
 10114 | D:8      | Reached XP level 10. HP: 79/82 MP: 16/21
 10218 | D:8      | Noticed a two-headed ogre
 10236 | D:8      | Killed a two-headed ogre
 10237 | D:8      | Reached skill level 5 in Dodging
 10265 | D:8      | Identified the +1 spear of Laxog {heavy, Str+5 Int-4}
 10364 | D:8      | Found a sacrificial altar of Ru.
 10387 | D:8      | Found an iron altar of Okawaru.
 10705 | D:9      | Noticed Maurice
 10712 | D:9      | Reached skill level 10 in Ice Magic
 10720 | D:9      | Killed Maurice
 10939 | D:9      | Noticed a kobold demonologist
 10947 | D:9      | Noticed a rust devil
 10976 | D:9      | Slain by a killer bee

Illustrated notes

Levels and vault maps discovered:
D:1:      sevenhm_arrival_forest_fort_large_4, layout_loops_ring,
          basic_ecumenical_altar, minmay_3d_cube
D:2:      layout_loops_ring, basic_altar, serial_bayou_pond_a, kennysheep_nub,
          minmay_goblin_kobold_house
D:3:      layout_basic, cheibrodos_worm_habitat, gammafunk_ghost_abyssal_escape,
          uniq_natasha
D:4:      layout_gridville, dk_yredelemnul_ordeal, serial_bayou,
          serial_bayou_shore_b, serial_bayou_shore_b, serial_bayou_pond_c,
          serial_bayou_pond_e, minmay_lizard_king
D:5:      layout_basic, old_standard_altar, grunt_gozag_statues,
          mainiacjoe_overflow_small_starburst, lightli_sewer_entry_pipes,
          nicolae_shop_gadgets
D:6:      layout_basic, amcnicky_altar_gilded, uniq_edmund
D:7:      layout_basic, trog_butcher_becter, nicolae_elyvilon_temple_path,
          minmay_temple_entry_waves
D:8:      layout_gridville, mainiacjoe_overflow_catch_the_wave
D:9:      layout_irregular_city, uniq_maurice, uniq_psyche
Temple:   nicolae_temple_bog_church

Skill      XL: |  1  2  3  4  5  6  7  8  9 10 |
---------------+-------------------------------+-----
Fighting       | 1 2 3 4 5 6 8 9 |  9.5
Ice Magic      | 5 6 7 8 9 10 | 10.6
Spellcasting   | 3 4 6 7 8 |  8.0
Dodging        | 4 7 |  7.2
Stealth        | |  2.1

Action                     |  1- 3 |  4- 6 |  7- 9 | 10-12 || total
---------------------------+-------+-------+-------+-------++-------
  Melee: Unarmed           |    38 |       |       |       ||    38
         Dagger            |    46 |       |       |       ||    46
         Whip              |     2 |   121 |   222 |    38 ||   383
         Punch             |       |     2 |     3 |     2 ||     7
         Tailslap          |       |       |     1 |       ||     1
   Cast: Freeze            |    35 |    22 |    34 |     9 ||   100
         Frozen Ramparts   |       |    12 |    49 |     8 ||    69
         Ozocubu's Armour  |       |     8 |    33 |     5 ||    46
         Hailstorm         |       |       |       |     1 ||     1
    Use: Scroll            |       |       |     3 |     5 ||     8
   Stab: Sleeping          |     4 |     8 |     7 |       ||    19
 Armour: Robe              |    27 |    22 |    69 |    13 ||   131
  Dodge: Dodged            |   100 |    66 |   198 |    42 ||   406
